 Dungeon Crawl Stone Soup version 0.19.5 (webtiles) character file.

24 McKennaii the Gusty (level 2, 0/17 HPs)
             Began as a High Elf Air Elementalist on Apr 16, 2017.
             Slain by an adder (2 damage)
             ... on level 1 of the Dungeon.
             The game lasted 00:03:45 (731 turns).

McKennaii the Gusty (High Elf Air Elementalist)      Turns: 731, Time: 00:03:46

Health: 0/17       AC:  2    Str:  7    XL:     2   Next: 79%
Magic:  1/6        EV: 13    Int: 18    God:
Gold:   33         SH:  0    Dex: 15    Spells: 3 memorised, 1 level left

rFire  . . .     SeeInvis .     (no weapon)
rCold  . . .     Gourm    .     a - +0 robe
rNeg   . . .     Faith    .     (no shield)
rPois  .         Spirit   .     (no helmet)
rElec  .         Reflect  .     (no cloak)
rCorr  .         Harm     .     (no gloves)
MR     .....                    (no boots)
Stlth  ++........               (no amulet)
                                (no ring)
                                (no ring)

@: no status effects
A: no striking features
a: no special abilities


You were on level 1 of the Dungeon.
You were not hungry.

You visited 1 branch of the dungeon, and saw 2 of its levels.

You collected 33 gold pieces.

Inventory:

Armour
 a - a +0 robe (worn)
Jewellery
 j - an uncursed amulet of guardian spirit {unknown}
Scrolls
 h - a scroll of identify {unknown}
 i - a scroll of teleportation {unknown}
 l - a scroll of recharging {unknown}
Potions
 d - a potion of curing {unknown}
 e - a potion of flight {unknown}
Books
 b - a book of Air

   Spells                             Type                      Level
   a - Shock                          Conjuration/Air              1
   b - Swiftness                      Charms/Air                   2
   c - Repel Missiles                 Charms/Air                   2
   d - Static Discharge               Conjuration/Air              3
   e - Lightning Bolt                 Conjuration/Air              5
Comestibles
 c - 3 bread rations
 f - a royal jelly
 g - 2 beef jerkies
 k - a slice of pizza
 m - a meat ration


   Skills:
 + Level 2.5 Dodging
 + Level 2.3 Stealth
 + Level 0.2 Unarmed Combat
 + Level 2.8 Spellcasting
 + Level 1.2 Conjurations
 + Level 4.2 Air Magic


You had one spell level left.
You knew the following spells:

 Your Spells              Type           Power        Failure   Level  Hunger
a - Shock                 Conj/Air       ##..         8%          1    None
b - Swiftness             Chrm/Air       ##......     12%         2    ##.....
c - Repel Missiles        Chrm/Air       ##....       12%         2    ##.....


Dungeon Overview and Level Annotations

Branches:
Dungeon (2/15)

Altars:


Message History

Confirm with . or Enter, or press ? or * to list all spells.
Aiming: Shock
Press: ? - help, Shift-Dir - straight line The zap misses the adder. x2; You feel sick.
The adder bites you.
* * * LOW HITPOINT WARNING * * *
Unknown command.
Okay, then.
The adder barely misses you. The adder barely misses you.
There is a stone staircase leading up here.
The adder bites you.
* * * LOW HITPOINT WARNING * * *
You climb upwards.
You feel sick.
You are no longer poisoned.
There is a stone staircase leading down here.
Casting: Shock
Confirm with . or Enter, or press ? or * to list all spells.
You don't have enough magic to cast that spell.
The adder bites you.
You die...

......................#..........
.................................
.........######......#...........
.........# ##..............#...#.
......^..###........##.....#..##.
.................................
.................................
.....................##..###.....
.........)......@...###....##..##
...............S.#### ##...##..##
..............>#### #.##..##..
..................# #.##..##..
.(.....>..........# #...##<.##
................).# #...##..##
..................# #.##..##..
..................# #.##..##..
#########.........# #...##..##


You could see an adder.

Vanquished Creatures
  A leopard gecko (D:2)
  4 bats
  A giant cockroach (D:1)
  A goblin (D:1)
  4 hobgoblins
  3 jackals (D:1)
  2 kobolds (D:2)
  3 rats (D:1)
19 creatures vanquished.

Notes
Turn   | Place    | Note
-------+----------+-------------------------------------------
     0 | D:1      | McKennaii the High Elf Air Elementalist began the quest for the Orb.
     0 | D:1      | Reached XP level 1. HP: 11/11 MP: 4/4
   200 | D:1      | Reached skill level 4 in Air Magic
   218 | D:1      | Reached XP level 2. HP: 2/17 MP: 0/6
   601 | D:1      | Learned a level 2 spell: Swiftness
   604 | D:1      | Learned a level 2 spell: Repel Missiles
   731 | D:1      | Slain by an adder

Skill      XL: |  1 |
---------------+----+-----
Air Magic      | 4 |  4.2
Dodging        | |  2.5
Stealth        | |  2.3
Unarmed Combat | |  0.2
Spellcasting   | |  2.8
Conjurations   | |  1.2

Action                   || total
-------------------------++-------
Melee: Unarmed           ||     7
 Cast: Shock             ||    45
Armor: Robe              ||    16
Dodge: Dodged            ||    62
